BSA
NIAGARA FALLS FRENZY @ BAFFIN ISLAND BEAVERS
06/30/2026
 
TOP OF THE 1ST
Niagara Falls Frenzy batting - Pitching for Baffin Island Beavers : RHP Luis Vargas
Pitching: RHP Luis Vargas
Batting: SHB Martín De Jesús 0-0: Called Strike
0-1: Swinging Strike
0-2: Strikes out looking
Batting: RHB Zander Tremblett 0-0: Foul Ball, location: 2F
0-1: Ground out U3 (Groundball, 3)
Batting: LHB Clyde Yarbrough 0-0: Ball
1-0: SINGLE (Groundball, 34D)
Batting: LHB Dante Owens 0-0: Called Strike
0-1: Ball
1-1: Ball
2-1: Fly out, F9 (Flyball, 9D)
Top of the 1st over - 0 run(s), 1 hit(s), 0 error(s), 1 left on base; Niagara Falls 0 - Baffin Island 0
BOTTOM OF THE 1ST
Baffin Island Beavers batting - Pitching for Niagara Falls Frenzy : RHP George Nelson
Pitching: RHP George Nelson
Batting: LHB Chris Bates 0-0: Called Strike
0-1: Swinging Strike
0-2: Ball
1-2: Foul Ball, location: 2F
1-2: Ball
2-2: Ball
3-2: Foul Ball, location: 2F
3-2: Base on Balls
Batting: LHB Jeff Cole 0-0: Ball
1-0: Called Strike
Chris Bates steals 2nd base
1-1: Ball
2-1: Foul Ball, location: 2F
2-2: Ball
3-2: Foul Ball, location: 2F
3-2: Ground out 4-3 (Groundball, 4)
Chris Bates to third
Batting: SHB Alonso Ferreira 0-0: SINGLE (Groundball, 34)
Chris Bates scores
Batting: LHB Lorenzo Villa 0-0: Called Strike
0-1: Ball
1-1: Ball
2-1: DOUBLE (Line Drive, 89D)
Alonso Ferreira to third
Runner from 3rd tries for Home, SAFE, throw made home
Batting: RHB Tony Morton 0-0: Foul Ball, location: 2F
0-1: Foul Ball, location: 2F
0-2: Ball
1-2: Foul Ball, location: 2F
1-2: Ball
2-2: Foul Ball, location: 2F
2-2: Ball
3-2: Ground out 6-3 (Groundball, 6)
Batting: LHB Mario García 0-0: Called Strike
0-1: SINGLE (Groundball, 6MD)
Lorenzo Villa to third
Runner from 3rd tries for Home, SAFE, throw made home
Mario García to second
Batting: RHB Dave Craig 0-0: Called Strike
0-1: Ball
1-1: Ball
2-1: Ground out 1-3 (Groundball, 23)
Bottom of the 1st over - 3 run(s), 3 hit(s), 0 error(s), 1 left on base; Niagara Falls 0 - Baffin Island 3
TOP OF THE 2ND
Niagara Falls Frenzy batting - Pitching for Baffin Island Beavers : RHP Luis Vargas
Batting: RHB Lawrence Schroeder 0-0: Ball
1-0: Foul Ball, location: 2F
1-1: Fly out, F7 (Flyball, 78D)
Batting: LHB Bill Hall 0-0: Ball
1-0: Foul Ball, location: 2F
1-1: Ball
2-1: DOUBLE (Line Drive, 9LM)
Batting: RHB Keitaro Suzuki 0-0: Called Strike
0-1: DOUBLE (Flyball, 8RXD)
Bill Hall scores
Batting: RHB Jung-ha Kim 0-0: Called Strike
0-1: Ball
1-1: Ball
Keitaro Suzuki steals 3rd base
2-1: Called Strike
2-2: Strikes out swinging
Batting: RHB Ángel Hinojosa 0-0: Ball
1-0: Ball
2-0: Foul Ball, location: 2F
2-1: Fly out, F9 (Flyball, 89D)
Top of the 2nd over - 1 run(s), 2 hit(s), 0 error(s), 1 left on base; Niagara Falls 1 - Baffin Island 3
BOTTOM OF THE 2ND
Baffin Island Beavers batting - Pitching for Niagara Falls Frenzy : RHP George Nelson
Batting: LHB Keng-chi Lao 0-0: Called Strike
0-1: DOUBLE (Line Drive, 9LS)
Batting: LHB Mike MacFadden 0-0: Foul Ball, location: 2F
0-1: Called Strike
0-2: Strikes out swinging
Batting: LHB Chris Bates 0-0: Ball
1-0: Ball
2-0: Ball
3-0: Called Strike
3-1: Foul Ball, location: 2F
3-2: Fly out, F8 (Flyball, 78D)
Batting: LHB Jeff Cole 0-0: Ball
1-0: Foul Ball, location: 2F
1-1: Ground out 4-3 (Groundball, 4)
Bottom of the 2nd over - 0 run(s), 1 hit(s), 0 error(s), 1 left on base; Niagara Falls 1 - Baffin Island 3
TOP OF THE 3RD
Niagara Falls Frenzy batting - Pitching for Baffin Island Beavers : RHP Luis Vargas
Batting: SHB Martín De Jesús 0-0: Called Strike
0-1: Ground out 4-3 (Groundball, 4)
Batting: RHB Zander Tremblett 0-0: Fly out, F3 (Popup, 3F)
Batting: LHB Clyde Yarbrough 0-0: Reached on Error, E6 (Popup, 56D)
Batting: LHB Dante Owens 0-0: Ball
1-0: Foul Ball, location: 2F
1-1: Fly out, F7 (Popup, 78S)
Top of the 3rd over - 0 run(s), 0 hit(s), 1 error(s), 1 left on base; Niagara Falls 1 - Baffin Island 3
BOTTOM OF THE 3RD
Baffin Island Beavers batting - Pitching for Niagara Falls Frenzy : RHP George Nelson
Batting: SHB Alonso Ferreira 0-0: Ball
1-0: Ball
2-0: Ball
3-0: Called Strike
3-1: Base on Balls
Batting: LHB Lorenzo Villa 0-0: Swinging Strike
0-1: Fly out, F4 (Popup, 3D)
Batting: RHB Tony Morton 0-0: Called Strike
0-1: Ball
1-1: Called Strike
1-2: Foul Ball, location: 2F
1-2: Grounds into double play, 6-4-3 (Groundball, 6M)
Bottom of the 3rd over - 0 run(s), 0 hit(s), 0 error(s), 0 left on base; Niagara Falls 1 - Baffin Island 3
TOP OF THE 4TH
Niagara Falls Frenzy batting - Pitching for Baffin Island Beavers : RHP Luis Vargas
Batting: RHB Lawrence Schroeder 0-0: Swinging Strike
0-1: Swinging Strike
0-2: Ball
1-2: Strikes out swinging
Batting: LHB Bill Hall 0-0: Ball
1-0: Foul Ball, location: 2F
1-1: Called Strike
1-2: Foul Ball, location: 2F
1-2: Foul Ball, location: 2F
1-2: Strikes out swinging
Batting: RHB Keitaro Suzuki 0-0: Ball
1-0: Ball
2-0: DOUBLE (Line Drive, 5D)
Batting: RHB Jung-ha Kim 0-0: Foul Ball, location: 2F
Error on foul ball, E2
0-2: Ball
1-2: Foul Ball, location: 2F
1-2: Ball
2-2: Ball
3-2: Foul Ball, location: 2F
3-2: Base on Balls
Batting: RHB Ángel Hinojosa 0-0: Fielders Choice at 2nd, 5-4 (Groundball, 56)
Top of the 4th over - 0 run(s), 1 hit(s), 1 error(s), 1 left on base; Niagara Falls 1 - Baffin Island 3
BOTTOM OF THE 4TH
Baffin Island Beavers batting - Pitching for Niagara Falls Frenzy : RHP George Nelson
Batting: LHB Mario García 0-0: Called Strike
0-1: Called Strike
0-2: Ball
1-2: Ground out 1-3 (Groundball, 15S)
Batting: RHB Dave Craig 0-0: Ball
1-0: Called Strike
1-1: Ball
2-1: Foul Ball, location: 2F
2-2: Ball
3-2: SINGLE (Line Drive, 6D)
Batting: LHB Keng-chi Lao 0-0: Foul Ball, location: 2F
0-1: Called Strike
0-2: Ball
1-2: Grounds into double play, 4-6-3 (Groundball, 4)
Bottom of the 4th over - 0 run(s), 1 hit(s), 0 error(s), 0 left on base; Niagara Falls 1 - Baffin Island 3
TOP OF THE 5TH
Niagara Falls Frenzy batting - Pitching for Baffin Island Beavers : RHP Luis Vargas
Batting: SHB Martín De Jesús 0-0: Ball
1-0: Foul Ball, location: 2F
1-1: Called Strike
1-2: Fly out, F6 (Popup, 6D)
Batting: RHB Zander Tremblett 0-0: Swinging Strike
0-1: Ball
1-1: Ground out 3-1 (Groundball, 34)
Batting: LHB Clyde Yarbrough 0-0: Called Strike
0-1: Ball
1-1: Ground out 6-3 (Groundball, 6M)
Top of the 5th over - 0 run(s), 0 hit(s), 0 error(s), 0 left on base; Niagara Falls 1 - Baffin Island 3
BOTTOM OF THE 5TH
Baffin Island Beavers batting - Pitching for Niagara Falls Frenzy : RHP George Nelson
Batting: LHB Mike MacFadden 0-0: SINGLE (Groundball, 3D)
Batting: LHB Chris Bates 0-0: Ball
1-0: Ground out 4-3 (Groundball, 34D)
Mike MacFadden to second
Batting: LHB Jeff Cole 0-0: Ground out 6-3 (Groundball, 56D)
Batting: SHB Alonso Ferreira 0-0: Ground out 4-3 (Groundball, 4M)
Bottom of the 5th over - 0 run(s), 1 hit(s), 0 error(s), 1 left on base; Niagara Falls 1 - Baffin Island 3
TOP OF THE 6TH
Niagara Falls Frenzy batting - Pitching for Baffin Island Beavers : RHP Luis Vargas
Batting: LHB Dante Owens 0-0: Called Strike
0-1: Foul Ball, location: 2F
0-2: Ball
1-2: Ball
2-2: Foul Ball, location: 2F
2-2: Ground out 6-3 (Groundball, 6M)
Batting: RHB Lawrence Schroeder 0-0: Ball
1-0: Swinging Strike
1-1: Called Strike
1-2: Strikes out swinging
Batting: LHB Bill Hall 0-0: Ball
1-0: Ball
2-0: Ball
3-0: Called Strike
3-1: Fly out, F8 (Flyball, 8LM)
Top of the 6th over - 0 run(s), 0 hit(s), 0 error(s), 0 left on base; Niagara Falls 1 - Baffin Island 3
BOTTOM OF THE 6TH
Baffin Island Beavers batting - Pitching for Niagara Falls Frenzy : RHP George Nelson
Batting: LHB Lorenzo Villa 0-0: Called Strike
0-1: Called Strike
0-2: Strikes out swinging
Batting: RHB Tony Morton 0-0: Fly out, F9 (Flyball, 9M)
Batting: LHB Mario García 0-0: Ball
1-0: Called Strike
1-1: Ground out 4-3 (Groundball, 34)
Bottom of the 6th over - 0 run(s), 0 hit(s), 0 error(s), 0 left on base; Niagara Falls 1 - Baffin Island 3
TOP OF THE 7TH
Niagara Falls Frenzy batting - Pitching for Baffin Island Beavers : RHP Luis Vargas
Batting: RHB Keitaro Suzuki 0-0: Called Strike
0-1: Fly out, F7 (Flyball, 7D)
Batting: RHB Jung-ha Kim 0-0: Fly out, F3 (Popup, 3SF)
Batting: RHB Ángel Hinojosa 0-0: Called Strike
0-1: Swinging Strike
0-2: Strikes out swinging
Top of the 7th over - 0 run(s), 0 hit(s), 0 error(s), 0 left on base; Niagara Falls 1 - Baffin Island 3
BOTTOM OF THE 7TH
Baffin Island Beavers batting - Pitching for Niagara Falls Frenzy : RHP George Nelson
Batting: RHB Dave Craig 0-0: Ground out 4-3 (Groundball, 4)
Batting: LHB Keng-chi Lao 0-0: Called Strike
0-1: Ball
1-1: Ball
2-1: Ball
3-1: Fly out, F3 (Popup, 3F)
Batting: LHB Mike MacFadden 0-0: Ball
1-0: Called Strike
1-1: Ball
2-1: Foul Ball, location: 2F
2-2: SINGLE (Line Drive, 34)
Batting: LHB Chris Bates 0-0: Foul Ball, location: 2F
0-1: Ball
1-1: Ball
2-1: Foul Ball, location: 2F
2-2: Ground out 1-3 (Groundball, 23)
Bottom of the 7th over - 0 run(s), 1 hit(s), 0 error(s), 1 left on base; Niagara Falls 1 - Baffin Island 3
TOP OF THE 8TH
Niagara Falls Frenzy batting - Pitching for Baffin Island Beavers : RHP Luis Vargas
Pitching: RHP Bartolo García
Batting: SHB Martín De Jesús 0-0: Foul Ball, location: 2F
0-1: Ground out 1-3 (Groundball, 13S)
Batting: RHB Zander Tremblett 0-0: Called Strike
0-1: Ball
1-1: Foul Ball, location: 2F
1-2: Ball
2-2: Foul Ball, location: 2F
2-2: Ball
3-2: Strikes out swinging
Batting: LHB Clyde Yarbrough 0-0: Foul Ball, location: 2F
0-1: Ball
1-1: Ball
2-1: Ball
3-1: Swinging Strike
3-2: Foul Ball, location: 2F
3-2: Fly out, F8 (Flyball, 8RD)
Top of the 8th over - 0 run(s), 0 hit(s), 0 error(s), 0 left on base; Niagara Falls 1 - Baffin Island 3
BOTTOM OF THE 8TH
Baffin Island Beavers batting - Pitching for Niagara Falls Frenzy : RHP George Nelson
Pitching: LHP António Bueno
Batting: LHB Jeff Cole 0-0: Called Strike
0-1: Ball
1-1: Ball
2-1: Foul Ball, location: 2F
2-2: Ball
3-2: Foul Ball, location: 2F
3-2: Fly out, F6 (Line Drive, 6M)
Batting: SHB Alonso Ferreira 0-0: Ground out 4-3 (Groundball, 4)
Batting: LHB Lorenzo Villa 0-0: Called Strike
0-1: Ball
1-1: Ball
2-1: Foul Ball, location: 2F
2-2: Ball
3-2: Fly out, F9 (Line Drive, 9M)
Bottom of the 8th over - 0 run(s), 0 hit(s), 0 error(s), 0 left on base; Niagara Falls 1 - Baffin Island 3
TOP OF THE 9TH
Niagara Falls Frenzy batting - Pitching for Baffin Island Beavers : RHP Bartolo García
Pitching: LHP Edgardo Guzmán
Batting: LHB Dante Owens 0-0: Ball
1-0: Ball
2-0: Ball
3-0: Base on Balls
Batting: RHB Lawrence Schroeder 0-0: Ball
1-0: Called Strike
1-1: Called Strike
1-2: Foul Ball, location: 2F
1-2: Foul Ball, location: 2F
1-2: Strikes out looking
Pinch Hitting: RHB Gerald Burnett 0-0: Called Strike
0-1: Ball
1-1: Foul Ball, location: 2F
1-2: Ball
2-2: Strikes out swinging
Pinch Hitting: RHB Hidetada Kichida 0-0: Called Strike
0-1: Foul Ball, location: 2F
0-2: Ball
1-2: SINGLE (Groundball, 56D)
Dante Owens to second
Batting: RHB Jung-ha Kim 0-0: Called Strike
0-1: Ball
1-1: Fly out, F6 (Popup, 4MD)
Top of the 9th over - 0 run(s), 1 hit(s), 0 error(s), 2 left on base; Niagara Falls 1 - Baffin Island 3
Monday, December 5th, 2016 - OOTP Baseball 17.12 Build 75